 Dungeon Crawl Stone Soup version 0.27-a0-1228-gfd60fd639a (webtiles) character file.

Game seed: 9298675397763651620

70 mandarbmax the Caller (level 4, -3/30 HPs)
             Began as a Merfolk Summoner on June 7, 2021.
             Was an Initiate of Ashenzari.
             Slain by a gnoll sergeant
             ... wielding a +0 spear
              (10 damage)
             ... on level 3 of the Dungeon.
             The game lasted 00:08:27 (4210 turns).

mandarbmax the Caller (Merfolk Summoner)            Turns: 4210, Time: 00:08:28

Health: -3/30      AC: 14    Str:  8    XL:     4   Next: 22%
Magic:  4/7        EV: 10    Int: 15    God:    Ashenzari [......]
Gold:   90         SH:  0    Dex: 14    Spells: 2/7 levels left

rFire    . . .     SeeInvis .   g - +2 dagger (protect)
rCold    . . .     Faith    .   (no shield)
rNeg     . . .     Spirit   .   f - +0 ring mail
rPois    .         Reflect  .   e - +0 helmet
rElec    .         Harm     .   (no cloak)
rCorr    .         Rampage  .   h - +0 pair of gloves of the Wild Blue Yonder {Range, Fort} (curse)
Will     .....                  (no boots)
Stlth    +.........             (no amulet)
HPRegen  0.10/turn              (no ring)
MPRegen  0.10/turn              (no ring)

@: about to teleport, under a protective aura
A: (nimble swimmer 2), mertail
a: Renounce Religion, Shatter the Chains


You were on level 3 of the Dungeon.
You worshipped Ashenzari.
Ashenzari was noncommittal.
You visited 1 branch of the dungeon, and saw 4 of its levels.

You collected 90 gold pieces.

Inventory:

Hand Weapons
 g - a +2 dagger of protection (weapon)
Missiles
 k - 14 poisoned darts
 m - a throwing net
Armour
 a - a +0 robe
 e - a +0 helmet (worn)
 f - a +0 ring mail (worn)
 h - the cursed +0 pair of gloves of the Wild Blue Yonder (worn) {Range, Fort}
   (You found it on level 1 of the Dungeon)

   It has a curse which improves the following skills: Ranged Combat: Slings,
   Bows, Crossbows and Throwing.
   Fortitude: Armour and Shields.
Scrolls
 b - 2 scrolls of enchant weapon
 c - a scroll of teleportation
 i - a scroll of holy word
 j - 2 scrolls of blinking
Potions
 d - 2 potions of flight
 l - a potion of brilliance


   Skills:
 - Level 3.0 Dodging
 - Level 2.1 Stealth
 - Level 2.0 Spellcasting
 + Level 5.5 Summonings


You had 2 spell levels left.
You knew the following spells:

 Your Spells              Type           Power      Damage    Failure   Level
a - Summon Small Mammal   Summ           72%        N/A       7%          1
b - Call Canine Familiar  Summ           18%        N/A       22%         3
z - Animate Skeleton      Necr           2%         N/A       56%         1

Your spell library contained the following spells:

 Spells                   Type           Power      Damage    Failure   Level
 Call Imp                 Summ           18%        N/A       11%         2
 Apportation              Tloc           2%         N/A       56%         1
 Corona                   Hex            1%         N/A       56%         1
 Pain                     Necr           4%         1d4       56%         1
 Summon Guardian Golem    Hex/Summ       9%         N/A       54%         3
 Vampiric Draining        Necr           0%         2d6       90%         3
 Summon Ice Beast         Ice/Summ       9%         N/A       91%         4
 Summon Lightning Spire   Summ/Air       9%         N/A       91%         4
 Animate Dead             Necr           0%         N/A       100%        4
 Agony                    Necr           1%         N/A       100%        5


Dungeon Overview and Level Annotations

Branches:
Dungeon (4/15)
 Temple: D:4-7

Altars:
Ashenzari

Annotations:
D:4 Sigmund


Innate Abilities, Weirdness & Mutations

((You are quick and stealthy near water. (Stealth+, EV+, Speed+++)))
Your lower body shifts to a powerful aquatic tail in water.


Message History

A giant cockroach and 2 gnolls come into view.
Sigmund shouts!
The gnoll sergeant shouts!
The gnoll shouts! x3
The kobold shouts!
The gnoll shouts! x5
The gnoll hits you but does no damage. The gnoll sergeant misses you.
An ogre comes into view. It is wielding a +0 giant club.
The gnoll barely misses you. The giant cockroach bites you.
There is a stone staircase leading up here.
Unknown command.
The ogre shouts!
The gnoll hits you with a +0 club. The gnoll closely misses you.
The gnoll hits you with a +0 club. The gnoll hits you with a +0 whip.
The giant cockroach bites you but does no damage.
Sigmund closely misses you.
You climb upwards.
There is a stone staircase leading down here.
Unknown command.
Unknown command.
As you read the scroll of teleportation, it crumbles to dust.
You feel strangely unstable.
The giant cockroach bites you but does no damage.
The gnoll hits you with a +0 club. The gnoll sergeant misses you.
Unknown command.
Unknown command.
Unknown command.
Casting: Summon Small Mammal (safe; 7% risk of failure)
Confirm with . or Enter, or press ? or * to list all spells.
The spell is quite dangerous to cast (22% risk of failure)!
Continue anyway?
The giant cockroach closely misses you. The gnoll hits you with a +0 club.
The gnoll sergeant hits you with a +0 spear.
* * * LOW HITPOINT WARNING * * *
Unknown command.
Unknown command.
Unknown command.
Okay, then.
You hit the gnoll but do no damage.
Your weapon exudes an aura of protection.
The giant cockroach bites you but does no damage.
Your hound bites the gnoll.
The gnoll closely misses you.
The gnoll sergeant hits you with a +0 spear!
You die...

#.....##.# #.......##
#.....##.# #.......##
#......#.# #.(.....##
#####......#.# #.......##
#..........#.# #.?.....##
#............#######.......#
#.........#hg#........).####
#......####gB#..........##
#......# ##@gg..........#
#......# ###...........#
#......# #...........#
#......# #...>......##
#......# ############
########


You could see a gnoll sergeant, 3 gnolls, a giant cockroach and a friendly hound
(summoned).

Vanquished Creatures
  A gnoll (D:3)
  An orc (D:3)
  5 endoplasms
  A goblin (D:1)
  3 hobgoblins
  6 jackals
  3 quokkas
  3 ball pythons
  4 bats
  3 frilled lizards
  3 kobolds
  A rat (D:3)
34 creatures vanquished.

Vanquished Creatures (collateral kills)
  An adder (D:2)
  2 dart slugs (D:1)
  An orc (D:3)
  2 bats
  An endoplasm (D:3)
  A giant cockroach (D:3)
  2 goblins (D:1)
  2 hobgoblins
  4 jackals (D:3)
  2 kobolds
  3 frilled lizards
21 creatures vanquished.

Grand Total: 55 creatures vanquished

Notes
Turn   | Place    | Note
-------+----------+-------------------------------------------
     0 | D:1      | mandarbmax the Merfolk Summoner began the quest for the
                  | Orb.
     0 | D:1      | Reached XP level 1. HP: 13/13 MP: 3/3
   317 | D:1      | Reached XP level 2. HP: 17/19 MP: 3/5
   499 | D:1      | Learned a level 1 spell: Animate Skeleton
  1112 | D:1      | Reached XP level 3. HP: 19/24 MP: 6/6
  1580 | D:2      | Learned a level 3 spell: Call Canine Familiar
  1660 | D:2      | Found a broken altar of Ashenzari.
  1666 | D:2      | Found a faded altar of an unknown god.
  1677 | D:2      | Became a worshipper of Ashenzari the Shackled
  1737 | D:2      | Reached skill level 5 in Summonings
  2905 | D:3      | Noticed a nameless horror
  2988 | D:3      | Reached XP level 4. HP: 30/30 MP: 1/7
  3185 | D:3      | Noticed a nameless horror
  3849 | D:4      | Noticed Sigmund
  3849 | D:4      | Noticed a gnoll sergeant
  3924 | D:4      | Noticed an ice beast
  3925 | D:4      | Noticed a nameless horror
  4205 | D:4      | Noticed an ogre
  4210 | D:3      | Slain by a gnoll sergeant

Illustrated notes

Levels and vault maps discovered:
D:1:      dpeg_arrival_pits, layout_basic, serial_bayou_pond_b
D:2:      layout_loops_ring, basic_altar,
          shapermc_ecumenical_altar_mp_ritualfount
D:3:      layout_basic
D:4:      layout_cave_pools, nicolae_overflow_hidden_temple, uniq_sigmund

Skill      XL: |  1  2  3 |
---------------+----------+-----
Dodging        | 3 |  3.0
Summonings     | 5 |  5.5
Stealth        | |  2.1
Spellcasting   | |  2.0

Action                   |  1- 3 |  4- 6 || total
-------------------------+-------+-------++-------
Melee: Unarmed           |     8 |       ||     8
       Whip              |    12 |       ||    12
       Dagger            |   141 |    31 ||   172
 Cast: Summon Small Mamm |    24 |    20 ||    44
       Call Canine Famil |     7 |     6 ||    13
Invok: Curse Item        |       |     1 ||     1
  Use: Scroll            |       |     1 ||     1
 Stab: Distracted        |     3 |     1 ||     4
       Sleeping          |     3 |       ||     3
Armor: Robe              |     6 |       ||     6
       Ring mail         |    87 |    27 ||   114
Dodge: Dodged            |    99 |    30 ||   129

Table legend: (Time is in decaauts)
 A = Elapsed time spent in this place.
 B = Non-inter-level travel time spent in this place.
 C = Inter-level travel time spent in this place.
 D = Time resting spent in this place.
 E = Time spent auto-exploring this place.
 F = Levels seen in this place.
 G = Mean time per level.
                   A        B        C        D        E       F      G
               +--------+--------+--------+--------+--------+-----+--------+
         Total |   4213 |   4061 |    152 |   1405 |   1901 |   4 | 1053.2 |
       Dungeon |   4213 |   4061 |    152 |   1405 |   1901 |   4 | 1053.2 |
               +--------+--------+--------+--------+--------+-----+--------+

Top non-repeatable levels by time:
     D:1: 1572 daAuts
     D:3: 1489 daAuts
     D:2: 1141 daAuts
     D:4: 10 daAuts
